 Dungeon Crawl Stone Soup version 0.18-a0-1027-g814d7dd (webtiles) character file.

423 Reinor the Covert (level 6, -5/44 HPs)
             Began as a Vampire Assassin on Jan 8, 2016.
             Slain by an iguana (10 damage)
             ... on level 4 of the Dungeon.
             The game lasted 00:13:36 (2610 turns).

Reinor the Covert (Vampire Assassin)                Turns: 2610, Time: 00:13:36

Health: -5/44      AC:  4    Str: 10    XL:     6   Next: 63%
Magic:  6/6        EV: 12    Int: 14    God:
Gold:   169        SH:  0    Dex: 17    Spells: 0 memorised, 5 levels left

rFire  . . .     SeeInvis +     a - +2 dagger
rCold  . . .     Gourm    .     c - +0 robe
rNeg   + . .     Faith    +     (no shield)
rPois  .         Spirit   .     i - +0 helmet (curse)
rElec  .         Dismiss  .     d - +0 cloak
rCorr  .         Reflect  .     (no gloves)
SustAt .         Harm     .     (no boots)
MR     .....                    g - amulet of faith
Stlth  ++++......               (no ring)
                                (no ring)

@: not resistant to hostile enchantments, stealthy
A: fangs 3, see invisible, unbreathing
a: Bat Form


You were on level 4 of the Dungeon.
You were not thirsty.

You visited 1 branch of the dungeon, and saw 4 of its levels.

You collected 169 gold pieces.

Inventory:

Hand Weapons
 a - a +2 dagger (weapon)
 b - a +0 blowgun
Missiles
 e - 19 poisoned needles
 f - 2 curare-tipped needles
 q - 5 needles of sleeping
Armour
 c - a +0 robe (worn)
 d - a +0 cloak (worn)
 i - a cursed +0 helmet (worn)
 o - a +0 large shield
Jewellery
 g - an amulet of faith (around neck)
Wands
 n - a wand of teleportation (4/9)
Scrolls
 j - 2 scrolls of magic mapping
 l - 3 scrolls of identify
 s - a scroll of amnesia {unknown}
 u - a scroll of enchant armour {unknown}
Potions
 h - 2 potions of curing
 k - a potion of flight
 m - a potion of brilliance
 p - 2 potions of heal wounds
 r - a potion of might {unknown}
 t - a potion of invisibility {unknown}


   Skills:
 - Level 1.7 Fighting
 + Level 6.8 Short Blades
 - Level 1.5 Throwing
 - Level 1.1 Dodging
 - Level 8.1 Stealth


You had 5 spell levels left.
You didn't know any spells.

Dungeon Overview and Level Annotations

Branches:
Dungeon (4/15)
 Temple: D:4-7

Altars:
Cheibriados
Fedhas
Kikubaaqudgha
Okawaru
Trog
Xom


Innate Abilities, Weirdness & Mutations

You have razor-sharp teeth.
You have supernaturally acute eyesight.
You can survive without breathing.


Message History

You hit the iguana but do no damage. You bite the iguana.
The iguana is moderately wounded.
You hit the iguana but do no damage. You bite the iguana, but do no damage.
The iguana is moderately wounded.
The iguana completely misses you.
You hit the iguana.
The iguana is heavily wounded.
The iguana closely misses you.
You hit the iguana. You bite the iguana, but do no damage.
The iguana is severely wounded.
You hit the iguana.
The iguana is severely wounded.
The iguana bites you!
* * * LOW HITPOINT WARNING * * *
You barely miss the iguana.
The iguana is severely wounded.
You hit the iguana but do no damage. You bite the iguana.
The iguana is almost dead.
The iguana bites you!
You die...

#.####...### #.#.....l...#
#.l.........# #...........#
#..###......# #..# ...##.# #
####..# ..##.#
#.#.....#####.##.# ###
#..........@l.##.####.######
#.......###..........#....(.
....................#.###.#...
###.......#######....## ##....
###...### #...## ##... #...#
#..#.## ##.... ##.##
#.....###..... #.
#..#.#.#.##... #..#.##.###...


You could see an iguana.

Vanquished Creatures
  An ice beast (D:3)
  A phantom (D:4)
  A scorpion (D:4)
  4 gnolls (D:2)
  9 adders
  A worm (D:3)
  2 giant geckos (D:2)
  4 orcs (D:3)
  5 giant cockroaches
  3 hobgoblins
  3 jackals (D:1)
  9 kobolds
  4 quokkas
  10 bats
  5 giant newts
  5 goblins
  A jackal skeleton (D:4)
  11 rats
79 creatures vanquished.

Notes
Turn   | Place    | Note
--------------------------------------------------------------
     0 | D:1      | Reinor the Vampire Assassin began the quest for the Orb.
     0 | D:1      | Reached XP level 1. HP: 16/16 MP: 1/1
    19 | D:1      | Reached skill level 6 in Stealth
   113 | D:1      | Reached XP level 2. HP: 22/22 MP: 2/2
   446 | D:1      | Reached skill level 7 in Stealth
   828 | D:2      | Reached XP level 3. HP: 23/27 MP: 3/3
   901 | D:2      | Reached skill level 8 in Stealth
   912 | D:2      | Reached XP level 4. HP: 23/33 MP: 4/4
   930 | D:2      | Found a shimmering altar of Xom.
  1076 | D:2      | Found a snail-covered altar of Cheibriados.
  1743 | D:3      | Noticed an ice beast
  1752 | D:3      | Killed an ice beast
  1752 | D:3      | Reached skill level 5 in Short Blades
  1752 | D:3      | Reached XP level 5. HP: 38/38 MP: 5/5
  1989 | D:3      | Found an iron altar of Okawaru.
  1991 | D:3      | Found a bloodstained altar of Trog.
  2114 | D:3      | Reached XP level 6. HP: 44/44 MP: 6/6
  2287 | D:3      | Found an ancient bone altar of Kikubaaqudgha.
  2287 | D:3      | Found a blossoming altar of Fedhas.
  2610 | D:4      | Slain by an iguana

Vault maps used:
D:1:      dpeg_arrival_more_subterranean_lakeside_camping
D:2:      grunt_temple_overflow_open
D:3:      grunt_temple_overflow_growth_and_decay,
          nicolae_overflow_hidden_temple, first_bread
D:4:      minitemple, tgw_trog

Action                   |  1- 3 |  4- 6 || total
-------------------------+-------+-------++-------
Melee: Dagger            |    88 |   185 ||   273
 Fire: Blowgun           |       |     2 ||     2
  Use: Scroll            |     1 |     8 ||     9
       Potion            |     1 |     2 ||     3
 Stab: Sleeping          |    15 |    10 ||    25
  Eat: Corpse            |     8 |     3 ||    11
